 Dungeon Crawl Stone Soup version 0.28.0-45-g0d030f2227 (webtiles) character file.

Game seed: 4643250794613887584

270 Ablot the Cutter (level 6, -1/53 HPs)
             Began as a Gnoll Chaos Knight on Apr 11, 2022.
             Was a Plaything of Xom.
             Slain by Crazy Yiuf
             ... wielding a +3 quarterstaff of chaos
              (3 damage)
             ... while petrified by Crazy Yiuf
             ... on level 2 of the Dungeon.
             The game lasted 00:04:45 (2353 turns).

Ablot the Cutter (Gnoll Chaos Knight)               Turns: 2353, Time: 00:04:46

Health: -1/53      AC:  7    Str: 13    XL:     6   Next: 22%
Magic:  8/8        EV:  2    Int: 11    God:    Xom [..*...]
Gold:   132        SH:  0    Dex: 12    Spells: 8/8 levels left

rFire   . . .      SeeInvis .   a - +0 short sword (chaos)
rCold   . . .      Faith    .   (no shield)
rNeg    + + +      Spirit   .   b - +3 leather armour
rPois   ∞          Reflect  .   k - +0 helmet
rElec   .          Harm     .   (no cloak)
rCorr   .          Rampage  .   (no gloves)
Will    .....                   (no boots)
Stlth   ++........              (no amulet)
HPRegen 0.17/turn               (no ring)
MPRegen 0.11/turn               (no ring)

@: petrified
A: fangs 1, strong nose, distributed training
a: Renounce Religion


You were on level 2 of the Dungeon.
You worshipped Xom.
You were a toy of Xom.
You visited 1 branch of the dungeon, and saw 4 of its levels.

You collected 132 gold pieces.

Inventory:

Hand Weapons
 a - a +0 short sword of chaos (weapon)
Missiles
 e - 40 stones (quivered)
 g - 22 bolts
 n - 20 arrows
 o - 4 silver boomerangs
Armour
 b - a +3 leather armour (worn)
 k - a +0 helmet (worn)
 m - a +0 buckler
Scrolls
 d - 2 scrolls of fear {unknown}
 f - 3 scrolls of identify {unknown}
 h - 2 scrolls of blinking {unknown}
 l - 2 scrolls of teleportation {unknown}
Potions
 c - 2 potions of flight {unknown}
 i - a potion of curing {unknown}
 j - 2 potions of heal wounds {unknown}


   Skills:
 + Level 6.8 Fighting
 + Level 6.8 Short Blades
 + Level 1.8 Long Blades
 + Level 1.8 Axes
 + Level 1.8 Maces & Flails
 + Level 1.8 Polearms
 + Level 1.8 Staves
 + Level 1.8 Slings
 + Level 1.8 Bows
 + Level 1.8 Crossbows
 + Level 1.8 Throwing
 + Level 4.9 Armour
 + Level 3.2 Dodging
 + Level 1.8 Stealth
 + Level 1.8 Shields
 + Level 1.8 Unarmed Combat
 + Level 1.8 Spellcasting
 + Level 1.4 Conjurations
 + Level 1.4 Hexes
 + Level 1.4 Summonings
 + Level 1.4 Necromancy
 + Level 1.4 Translocations
 + Level 1.4 Transmutations
 + Level 1.4 Fire Magic
 + Level 1.4 Ice Magic
 + Level 1.4 Air Magic
 + Level 1.4 Earth Magic
 + Level 1.4 Poison Magic
 + Level 2.0 Invocations
 + Level 1.8 Evocations


You had 8 spell levels left.
You didn't know any spells.
Your spell library was empty.

Dungeon Overview and Level Annotations

Branches:
Dungeon (4/15)
 Temple: D:4-7

Altars:
Hepliaklqana
Xom

Annotations:
D:2 Crazy Yiuf


Innate Abilities, Weirdness & Mutations

You have very sharp teeth.
Your uncanny sense of smell can sniff out nearby items.
Your experience applies equally to all skills.


Message History

Found two maces.
You see here a +0 mace.
You open the door. You closely miss Crazy Yiuf. Xom grants you insight.
You detect nothing.
Crazy Yiuf hits you with a +3 quarterstaff of chaos.
Crazy Yiuf burns you.
You hit Crazy Yiuf.
Crazy Yiuf is lightly wounded.
Crazy Yiuf hits you with a +3 quarterstaff of chaos!
You barely miss Crazy Yiuf.
Crazy Yiuf is lightly wounded.
Crazy Yiuf screams, "Prologue alas wrapper!"
Crazy Yiuf hits you with a +3 quarterstaff of chaos!
You are slowing down.
You hit Crazy Yiuf.
Crazy Yiuf is poisoned.
Crazy Yiuf is lightly wounded.
Crazy Yiuf hits you with a +3 quarterstaff of chaos.
Crazy Yiuf freezes you.
Your limbs are stiffening.
You hit Crazy Yiuf but do no damage.
Crazy Yiuf is lightly wounded.
Crazy Yiuf completely misses you.
You have turned to stone.
Crazy Yiuf hits you with a +3 quarterstaff of chaos!
Crazy Yiuf freezes you!
Crazy Yiuf hits you with a +3 quarterstaff of chaos!
Crazy Yiuf cries, "You leg down broken song, no?"
Crazy Yiuf hits you with a +3 quarterstaff of chaos!
* * * LOW HITPOINT WARNING * * *
You emit a cloud of colourful smoke!
Crazy Yiuf freezes you.
* * * LOW HITPOINT WARNING * * *
Crazy Yiuf hits you with a +3 quarterstaff of chaos.
* * * LOW HITPOINT WARNING * * *
Crazy Yiuf freezes you.
Crazy Yiuf hits you with a +3 quarterstaff of chaos!
* * * LOW HITPOINT WARNING * * *
Crazy Yiuf freezes you.
You die...
Xom snickers!

#....###.# ##..## #.# #...#
#.# #.P)# #.###### ##.##
#......# #### ##)# #......#
#..# #§## #......# #..# ##§#
#......##### ### #..# #@##
#####.)..... ..### #..# #g#
#......##### #...#####..# ..)
######.##### ###....##..#
#.))# ######.....# ####.##..#
#)..# #........#..
######....## #####
#........### ......###..#
#........##. #####...##.#####
#...........
###.##..##.#######........#..


You could see Crazy Yiuf (poisoned).

Vanquished Creatures
  Sigmund (D:2)
  Robin (D:1)
  4 adders
  A worm (D:2)
  A dart slug (D:3)
  6 orcs (D:3)
  6 bats
  3 endoplasms
  2 giant cockroaches
  16 goblins
  7 hobgoblins
  3 quokkas
  4 ball pythons
  5 kobolds
  4 rats
64 creatures vanquished.

Vanquished Creatures (others)
  5 fungi (D:2)
5 creatures vanquished.

Grand Total: 69 creatures vanquished

Notes
Turn   | Place    | Note
-------+----------+-------------------------------------------
     0 | D:1      | Ablot the Gnoll Chaos Knight began the quest for the Orb.
     0 | D:1      | Reached XP level 1. HP: 23/23 MP: 1/1
    33 | D:1      | XOM: silly message
   246 | D:1      | Reached XP level 2. HP: 29/29 MP: 2/2
   658 | D:1      | Found a hazy altar of Hepliaklqana.
   747 | D:1      | XOM: silly message
   821 | D:2      | Reached XP level 3. HP: 23/35 MP: 3/3
   985 | D:2      | Noticed Robin
   992 | D:2      | Reached skill level 1 in Invocations
  1083 | D:1      | Killed Robin
  1084 | D:1      | Reached skill level 1 in Long Blades
  1084 | D:1      | Reached skill level 1 in Axes
  1084 | D:1      | Reached skill level 1 in Maces & Flails
  1084 | D:1      | Reached skill level 1 in Polearms
  1084 | D:1      | Reached skill level 1 in Staves
  1084 | D:1      | Reached skill level 1 in Slings
  1084 | D:1      | Reached skill level 1 in Bows
  1084 | D:1      | Reached skill level 1 in Crossbows
  1084 | D:1      | Reached skill level 1 in Throwing
  1084 | D:1      | Reached skill level 1 in Stealth
  1084 | D:1      | Reached skill level 1 in Shields
  1084 | D:1      | Reached skill level 1 in Unarmed Combat
  1084 | D:1      | Reached skill level 1 in Spellcasting
  1084 | D:1      | Reached skill level 1 in Evocations
  1084 | D:1      | Reached XP level 4. HP: 30/41 MP: 5/5
  1250 | D:2      | You fall into a shaft and drop 2 floors!
  1283 | D:3      | HP: 2/41 [something (2)]
  1297 | D:3      | HP: 2/41 [something (1)]
  1299 | D:3      | Reached skill level 1 in Conjurations
  1299 | D:3      | Reached skill level 1 in Hexes
  1299 | D:3      | Reached skill level 1 in Summonings
  1299 | D:3      | Reached skill level 1 in Necromancy
  1299 | D:3      | Reached skill level 1 in Translocations
  1299 | D:3      | Reached skill level 1 in Transmutations
  1299 | D:3      | Reached skill level 1 in Fire Magic
  1299 | D:3      | Reached skill level 1 in Ice Magic
  1299 | D:3      | Reached skill level 1 in Air Magic
  1299 | D:3      | Reached skill level 1 in Earth Magic
  1299 | D:3      | Reached skill level 1 in Poison Magic
  1356 | D:3      | XOM: scenery: create altars
  1633 | D:3      | XOM: noise
  1775 | D:3      | Reached XP level 5. HP: 47/47 MP: 6/6
  1969 | D:2      | Noticed Sigmund
  1979 | D:2      | Killed Sigmund
  1980 | D:2      | Reached XP level 6. HP: 46/53 MP: 6/8
  2339 | D:2      | Found a runed translucent door.
  2340 | D:2      | Noticed Crazy Yiuf
  2344 | D:2      | XOM: divination: detect creatures
  2351 | D:2      | XOM: smoke on damage
  2353 | D:2      | HP: 2/53 [Crazy Yiuf/+3 quarterstaff of chaos (6)]
  2353 | D:2      | Slain by Crazy Yiuf

Illustrated notes

Levels and vault maps discovered:
D:1:      mainiacjoe_arrival_reflecting_pool, layout_basic,
          kennysheep_flooded_box, grunt_decor_mini_mirrors
D:2:      layout_rooms, uniq_sigmund, uniq_robin, uniq_crazy_yiuf_cottage
D:3:      layout_rooms, mainiacjoe_overflow_paths,
          dreamdust_ecumenical_altar_hidden_monk_grotto, st_stairs_2,
          grunt_ministairs_14
D:4:      layout_cave_pools, kennysheep_mini

Skill      XL: |  1  2  3  4  5 |
---------------+----------------+-----
Invocations    | 1 2 |  2.0
Long Blades    | 1 |  1.8
Axes           | 1 |  1.8
Maces & Flails | 1 |  1.8
Polearms       | 1 |  1.8
Staves         | 1 |  1.8
Slings         | 1 |  1.8
Bows           | 1 |  1.8
Crossbows      | 1 |  1.8
Throwing       | 1 |  1.8
Stealth        | 1 |  1.8
Shields        | 1 |  1.8
Unarmed Combat | 1 |  1.8
Spellcasting   | 1 |  1.8
Evocations     | 1 |  1.8
Conjurations   | 1 |  1.4
Hexes          | 1 |  1.4
Summonings     | 1 |  1.4
Necromancy     | 1 |  1.4
Translocations | 1 |  1.4
Transmutations | 1 |  1.4
Fire Magic     | 1 |  1.4
Ice Magic      | 1 |  1.4
Air Magic      | 1 |  1.4
Earth Magic    | 1 |  1.4
Poison Magic   | 1 |  1.4
Dodging        | 3 |  3.2
Fighting       | |  6.8
Short Blades   | |  6.8
Armour         | |  4.9

Action                   |  1- 3 |  4- 6 || total
-------------------------+-------+-------++-------
Melee: Short sword       |    94 |   134 ||   228
       Bite              |     3 |    10 ||    13
       Punch             |     1 |       ||     1
 Stab: Sleeping          |     2 |     1 ||     3
       Distracted        |       |     1 ||     1
       Paralysed         |       |     1 ||     1
Armor: Leather armour    |    19 |    63 ||    82
Dodge: Dodged            |    49 |    75 ||   124
